TOP OF THE 1ST |
Detroit Elite batting - Pitching for St. Louis Coeur : RHP Pepe Rose
|
Pitching: RHP Pepe Rose
|
|
Batting: SHB Hyung-chor Chong
|
0-0: Called Strike 0-1: Ball 1-1: Ball 2-1: Bunt for hit to P - play at first, batter OUT! 1-3
|
Batting: LHB Gwang-soo Deungjeong
|
0-0: Called Strike 0-1: Ball 1-1: Ball 2-1: Ground out 6-3 (Groundball, 56, EV 104.4 MPH)
|
Batting: SHB Marços Mansilha
|
0-0: Ball 1-0: Ground out 6-3 (Groundball, 6, EV 98.1 MPH)
|
Top of the 1st over - 0 runs, 0 hits, 0 errors, 0 left on base; Detroit 0 - St. Louis 0 |
BOTTOM OF THE 1ST |
St. Louis Coeur batting - Pitching for Detroit Elite : LHP Andrew Johnson
|
Pitching: LHP Andrew Johnson
|
|
Batting: RHB Nebosja Peric
|
0-0: Called Strike 0-1: Ground out 5-3 (Groundball, 56, EV 82.5 MPH)
|
Batting: RHB Jeff Weber
|
0-0: Foul Ball, location: 2F 0-1: Fly out, F2 (Popup, 2RF, EV 86.2 MPH)
|
Batting: RHB Muneyaki Hayashi
|
0-0: Swinging Strike 0-1: Ground out 5-3 (Groundball, 56, EV 111.2 MPH)
|
Bottom of the 1st over - 0 runs, 0 hits, 0 errors, 0 left on base; Detroit 0 - St. Louis 0 |
TOP OF THE 2ND |
Detroit Elite batting - Pitching for St. Louis Coeur : RHP Pepe Rose
|
Batting: RHB Daniel McCoy
|
0-0: Swinging Strike 0-1: Swinging Strike 0-2: Ball 1-2: Strikes out looking
|
Batting: RHB António Méndez
|
0-0: Foul Ball, location: 2F 0-1: Foul Ball, location: 2F 0-2: Ball 1-2: Ground out 5-3 (Groundball, 5S, EV 72.5 MPH)
|
Batting: RHB Bang-xao Li
|
0-0: Called Strike 0-1: Foul Ball, location: 2F 0-2: Ball 1-2: Foul Ball, location: 2F 1-2: Ball 2-2: Fly out, F9 (Line Drive, 9, EV 86.9 MPH)
|
Top of the 2nd over - 0 runs, 0 hits, 0 errors, 0 left on base; Detroit 0 - St. Louis 0 |
BOTTOM OF THE 2ND |
St. Louis Coeur batting - Pitching for Detroit Elite : LHP Andrew Johnson
|
Batting: LHB Jae-seop Byeon
|
0-0: Ball 1-0: Swinging Strike 1-1: Called Strike 1-2: DOUBLE (Line Drive, 7LD, EV 107.5 MPH)
|
Batting: RHB Roy Berriman
|
0-0: Ball 1-0: Ball 2-0: Called Strike 2-1: Called Strike 2-2: Fly out, F7 (Flyball, 7LD, EV 101.2 MPH) Runner from 2nd tags up, SAFE at 3rd with throw by LF
|
Batting: RHB Luis Miguel Monteblanco
|
0-0: Ball 1-0: DOUBLE (Line Drive, 89M, EV 96.9 MPH) Jae-seop Byeon scores
|
Batting: SHB Al Miller
|
0-0: Ball 1-0: Ground out 1-3 (Groundball, 15S, EV 63.8 MPH)
|
Batting: RHB Nick Davis
|
0-0: Ball 1-0: Swinging Strike 1-1: Called Strike 1-2: Ball 2-2: Ball 3-2: Strikes out swinging
|
Bottom of the 2nd over - 1 run, 2 hits, 0 errors, 1 left on base; Detroit 0 - St. Louis 1 |
TOP OF THE 3RD |
Detroit Elite batting - Pitching for St. Louis Coeur : RHP Pepe Rose
|
Batting: LHB Snow Wang
|
0-0: Ball 1-0: Called Strike 1-1: Ball 2-1: Foul Ball, location: 2F 2-2: Strikes out looking
|
Batting: RHB Tom Scroby
|
0-0: Foul Ball, location: 2F 0-1: Ball 1-1: Ball 2-1: Foul Ball, location: 2F 2-2: Foul Ball, location: 2F 2-2: Ball 3-2: Strikes out swinging
|
Batting: RHB Tom Connelly
|
0-0: Ball 1-0: Ball 2-0: Ball 3-0: Base on Balls
|
Batting: SHB Hyung-chor Chong
|
0-0: Called Strike Tom Connelly steals 2nd base (no throw) 0-1: Ball 1-1: Foul Ball, location: 2F 1-2: Foul Ball, location: 2F 1-2: Hit by Pitch
|
Batting: LHB Gwang-soo Deungjeong
|
0-0: Called Strike 0-1: Ball 1-1: Swinging Strike 1-2: Fly out, F6 (Line Drive, 6, EV 62.5 MPH)
|
Top of the 3rd over - 0 runs, 0 hits, 0 errors, 2 left on base; Detroit 0 - St. Louis 1 |
BOTTOM OF THE 3RD |
St. Louis Coeur batting - Pitching for Detroit Elite : LHP Andrew Johnson
|
Batting: RHB Kane Felton
|
0-0: Fly out, F4 (Line Drive, 4, EV 66.2 MPH)
|
Batting: RHB Nebosja Peric
|
0-0: Fly out, F2 (Popup, 25F, EV 78.1 MPH)
|
Batting: RHB Jeff Weber
|
0-0: Called Strike 0-1: Ground out 6-3 (Groundball, 6, EV 91.2 MPH)
|
Bottom of the 3rd over - 0 runs, 0 hits, 0 errors, 0 left on base; Detroit 0 - St. Louis 1 |
TOP OF THE 4TH |
Detroit Elite batting - Pitching for St. Louis Coeur : RHP Pepe Rose
|
Batting: SHB Marços Mansilha
|
0-0: Ball 1-0: Foul Ball, location: 2F 1-1: Swinging Strike 1-2: Ball 2-2: Ball 3-2: Strikes out swinging
|
Batting: RHB Daniel McCoy
|
0-0: Called Strike 0-1: Fly out, F8 (Flyball, 8RS, EV 76.9 MPH)
|
Batting: RHB António Méndez
|
0-0: Ball 1-0: Ball 2-0: Foul Ball, location: 2F 2-1: Ball 3-1: Base on Balls
|
Batting: RHB Bang-xao Li
|
0-0: Called Strike 0-1: Fielders Choice at 2nd, 5-4 (Groundball, 5, EV 80.0 MPH)
|
Top of the 4th over - 0 runs, 0 hits, 0 errors, 1 left on base; Detroit 0 - St. Louis 1 |
BOTTOM OF THE 4TH |
St. Louis Coeur batting - Pitching for Detroit Elite : LHP Andrew Johnson
|
Batting: RHB Muneyaki Hayashi
|
0-0: Ball 1-0: Ball 2-0: Foul Ball, location: 2F 2-1: Ball 3-1: Ground out 5-3 (Groundball, 56D, EV 86.9 MPH)
|
Batting: LHB Jae-seop Byeon
|
0-0: Ground out 1-3 (Groundball, 13, EV 70.0 MPH)
|
Batting: RHB Roy Berriman
|
0-0: Foul Ball, location: 2F 0-1: Ball 1-1: Ball 2-1: Ball 3-1: Foul Ball, location: 2F 3-2: Base on Balls
|
Batting: RHB Luis Miguel Monteblanco
|
0-0: Called Strike Roy Berriman is caught stealing 2nd base 2-4
|
Bottom of the 4th over - 0 runs, 0 hits, 0 errors, 0 left on base; Detroit 0 - St. Louis 1 |
TOP OF THE 5TH |
Detroit Elite batting - Pitching for St. Louis Coeur : RHP Pepe Rose
|
Batting: LHB Snow Wang
|
0-0: Ball 1-0: Called Strike 1-1: Swinging Strike 1-2: Strikes out swinging
|
Batting: RHB Tom Scroby
|
0-0: Foul Ball, location: 2F 0-1: Fly out, F8 (Flyball, 8RD, EV 81.2 MPH)
|
Batting: RHB Tom Connelly
|
0-0: Called Strike 0-1: Fly out, F6 (Line Drive, 6, EV 72.5 MPH)
|
Top of the 5th over - 0 runs, 0 hits, 0 errors, 0 left on base; Detroit 0 - St. Louis 1 |
BOTTOM OF THE 5TH |
St. Louis Coeur batting - Pitching for Detroit Elite : LHP Andrew Johnson
|
Batting: RHB Luis Miguel Monteblanco
|
0-0: Ball 1-0: Swinging Strike 1-1: Ball 2-1: Fly out, F8 (Flyball, 8RXD, EV 87.5 MPH)
|
Batting: SHB Al Miller
|
0-0: Fly out, F8 (Flyball, 78D, EV 88.1 MPH)
|
Batting: RHB Nick Davis
|
0-0: Ball 1-0: Called Strike 1-1: Swinging Strike 1-2: Strikes out swinging
|
Bottom of the 5th over - 0 runs, 0 hits, 0 errors, 0 left on base; Detroit 0 - St. Louis 1 |
TOP OF THE 6TH |
Detroit Elite batting - Pitching for St. Louis Coeur : RHP Pepe Rose
|
Batting: SHB Hyung-chor Chong
|
0-0: Called Strike 0-1: Ball 1-1: Foul Ball, location: 2F 1-2: Fly out, F7 (Flyball, 7S, EV 80.6 MPH)
|
Batting: LHB Gwang-soo Deungjeong
|
0-0: Ball 1-0: Called Strike 1-1: Called Strike 1-2: SINGLE (Groundball, 6M, EV 103.1 MPH)
|
Batting: SHB Marços Mansilha
|
0-0: Ball 1-0: Ball Gwang-soo Deungjeong steals 2nd base 2-0: Fly out, F2 (Popup, 2L, EV 95.0 MPH)
|
Batting: RHB Daniel McCoy
|
0-0: Called Strike 0-1: Ball 1-1: Foul Ball, location: 2F 1-2: Ball 2-2: Ball 3-2: SINGLE (Groundball, 6D, EV 104.4 MPH) Gwang-soo Deungjeong to third Runner from 3rd tries for Home, SAFE, throw by CF to home
|
Batting: RHB António Méndez
|
0-0: SINGLE (Line Drive, 4MD, EV 96.9 MPH) Daniel McCoy to second
|
Batting: RHB Bang-xao Li
|
0-0: Ball 1-0: Ground out 4-3 (Groundball, 4S, EV 71.9 MPH)
|
Top of the 6th over - 1 run, 3 hits, 0 errors, 2 left on base; Detroit 1 - St. Louis 1 |
BOTTOM OF THE 6TH |
St. Louis Coeur batting - Pitching for Detroit Elite : LHP Andrew Johnson
|
Batting: RHB Kane Felton
|
0-0: Ball 1-0: Foul Ball, location: 2F 1-1: Ball 2-1: Foul Ball, location: 2F 2-2: Fly out, F7 (Flyball, 7S, EV 87.5 MPH)
|
Batting: RHB Nebosja Peric
|
0-0: Called Strike 0-1: Foul Ball, location: 2F 0-2: Ball 1-2: SINGLE (Line Drive, 9S, EV 95.0 MPH)
|
Batting: RHB Jeff Weber
|
0-0: Called Strike 0-1: Ball 1-1: Foul Ball, location: 2F 1-2: Ball 2-2: 2-RUN HOME RUN (Line Drive, 7D, EV 103.8 MPH), Distance : 396 ft
|
Batting: RHB Muneyaki Hayashi
|
0-0: Called Strike 0-1: Swinging Strike 0-2: Ball 1-2: Strikes out swinging
|
Batting: LHB Jae-seop Byeon
|
0-0: Ball 1-0: Swinging Strike 1-1: Ball 2-1: Ball 3-1: Swinging Strike 3-2: Strikes out swinging
|
Bottom of the 6th over - 2 runs, 2 hits, 0 errors, 0 left on base; Detroit 1 - St. Louis 3 |
TOP OF THE 7TH |
Detroit Elite batting - Pitching for St. Louis Coeur : RHP Pepe Rose
|
Pitching: RHP Eric Blevins
|
|
Batting: LHB Snow Wang
|
0-0: Called Strike 0-1: Ball 1-1: Ball 2-1: Ground out 4-3 (Groundball, 4S, EV 85.0 MPH)
|
Batting: RHB Tom Scroby
|
0-0: Called Strike 0-1: Ball 1-1: Foul Ball, location: 2F 1-2: Ball 2-2: Fly out, F8 (Flyball, 89D, EV 105.6 MPH)
|
Batting: RHB Tom Connelly
|
0-0: Ball 1-0: Called Strike 1-1: Ball 2-1: SINGLE (Groundball, 56D, EV 97.5 MPH)
|
Batting: SHB Hyung-chor Chong
|
0-0: Ball Tom Connelly steals 2nd base (no throw) 1-0: Ground out U3 (Groundball, 23, EV 81.9 MPH)
|
Top of the 7th over - 0 runs, 1 hit, 0 errors, 1 left on base; Detroit 1 - St. Louis 3 |
BOTTOM OF THE 7TH |
St. Louis Coeur batting - Pitching for Detroit Elite : LHP Andrew Johnson
|
Batting: RHB Roy Berriman
|
0-0: Ball 1-0: Swinging Strike 1-1: Ball 2-1: Ground out 6-3 (Groundball, 6, EV 105.6 MPH)
|
Batting: RHB Luis Miguel Monteblanco
|
0-0: Called Strike 0-1: Ball 1-1: Foul Ball, location: 2F 1-2: Ground out 1-3 (Groundball, P, EV 73.8 MPH)
|
Batting: SHB Al Miller
|
0-0: Called Strike 0-1: Ball 1-1: DOUBLE (Line Drive, 7LM, EV 110.6 MPH)
|
Batting: RHB Nick Davis
|
0-0: Ball 1-0: Ball 2-0: Ball 3-0: Called Strike 3-1: Foul Ball, location: 2F 3-2: Base on Balls
|
Batting: RHB Kane Felton
|
0-0: Ball 1-0: Foul Ball, location: 2F 1-1: Hit by Pitch Al Miller to third Nick Davis to second
|
Batting: RHB Nebosja Peric
|
0-0: Swinging Strike 0-1: Ball 1-1: Ball 2-1: Ball 3-1: Called Strike 3-2: SINGLE (Groundball, 6S, EV 70.6 MPH) (infield hit) Al Miller scores Nick Davis to third Kane Felton to second
|
Pitching: LHP Rich Walker
|
|
Batting: RHB Jeff Weber
|
0-0: Fly out, F8 (Flyball, 8LM, EV 94.4 MPH)
|
Bottom of the 7th over - 1 run, 2 hits, 0 errors, 3 left on base; Detroit 1 - St. Louis 4 |
TOP OF THE 8TH |
Detroit Elite batting - Pitching for St. Louis Coeur : RHP Eric Blevins
|
Batting: LHB Gwang-soo Deungjeong
|
0-0: Called Strike 0-1: Ground out 4-3 (Groundball, 4, EV 80.6 MPH)
|
Batting: SHB Marços Mansilha
|
0-0: Swinging Strike 0-1: Called Strike 0-2: Strikes out swinging
|
Batting: RHB Daniel McCoy
|
0-0: Ball 1-0: Foul Ball, location: 2F 1-1: Ball 2-1: Foul Ball, location: 2F 2-2: Ball 3-2: Strikes out swinging
|
Top of the 8th over - 0 runs, 0 hits, 0 errors, 0 left on base; Detroit 1 - St. Louis 4 |
BOTTOM OF THE 8TH |
St. Louis Coeur batting - Pitching for Detroit Elite : LHP Rich Walker
|
Batting: RHB Muneyaki Hayashi
|
0-0: Ball 1-0: DOUBLE (Line Drive, 7LS, EV 103.1 MPH)
|
Batting: LHB Jae-seop Byeon
|
0-0: Called Strike 0-1: SINGLE (Groundball, 5, EV 103.8 MPH) Muneyaki Hayashi to third Runner from 3rd tries for Home, throw by LF and OUT! 7-2
|
Batting: RHB Roy Berriman
|
0-0: Ball 1-0: Called Strike 1-1: Ball 2-1: Fielders Choice at 2nd, 3-6 (Groundball, 3S, EV 83.1 MPH)
|
Batting: RHB Luis Miguel Monteblanco
|
0-0: Ball 1-0: Swinging Strike 1-1: Fly out, F9 (Flyball, 9D, EV 100.6 MPH)
|
Bottom of the 8th over - 0 runs, 2 hits, 0 errors, 1 left on base; Detroit 1 - St. Louis 4 |
TOP OF THE 9TH |
Detroit Elite batting - Pitching for St. Louis Coeur : RHP Eric Blevins
|
Batting: RHB António Méndez
|
0-0: Foul Ball, location: 2F 0-1: Foul Ball, location: 2F 0-2: Foul Ball, location: 2F 0-2: Ball 1-2: Ball 2-2: Ball 3-2: Strikes out swinging
|
Batting: RHB Bang-xao Li
|
0-0: Swinging Strike 0-1: Foul Ball, location: 2F 0-2: Strikes out swinging
|
Batting: LHB Snow Wang
|
0-0: Swinging Strike 0-1: Foul Ball, location: 2F 0-2: Ball 1-2: Ball 2-2: Strikes out looking
|
Top of the 9th over - 0 runs, 0 hits, 0 errors, 0 left on base; Detroit 1 - St. Louis 4 |
|